 Dungeon Crawl Stone Soup version 0.31-a0-204-g7da18cac08 (webtiles) character file.

Game seed: 6646617458134090859

263 zazu2006 the Shooter (level 6, -4/47 HPs)
             Began as a Gnoll Wanderer on June 27, 2023.
             Slain by a gnoll
             ... wielding a +0 spear
              (9 damage)
             ... on level 3 of the Dungeon.
             The game lasted 00:03:27 (1638 turns).

zazu2006 the Shooter (Gnoll Wanderer)               Turns: 1638, Time: 00:03:28

Health: -4/47      AC:  4    Str: 11    XL:     6   Next: 19%
Magic:  8/8        EV: 12    Int: 11    God:
Gold:   191        SH:  0    Dex: 14    Spells: 8/8 levels left

rFire   . . .        a - +2 sling
rCold   . . .        (no shield)
rNeg    . . .        e - +0 robe
rPois   .            r - +0 helmet
rElec   .            (no cloak)
rCorr   .            (no gloves)
SInv    .            c - +0 pair of boots
Will    .....        (no amulet)
Stlth   +++          (no ring)
HPRegen 0.27/turn    (no ring)
MPRegen 0.11/turn

%: no passive effects
@: no status effects
A: fangs 1, strong nose, distributed training
a: no special abilities


You were on level 3 of the Dungeon.
You visited 1 branch of the dungeon, and saw 3 of its levels.

You collected 191 gold pieces.

Inventory:

Hand Weapons
 a - a +2 sling (weapon)
 b - a +0 spear
Missiles
 k - 3 poisoned darts
Armour
 c - a +0 pair of boots (worn)
 e - a +0 robe (worn)
 r - a +0 helmet (worn)
Jewellery
 n - a ring of willpower
Scrolls
 f - 3 scrolls of fear {unknown}
 h - a scroll of immolation {unknown}
 j - 2 scrolls of teleportation {unknown}
 m - a scroll of blinking {unknown}
 o - a scroll of enchant armour {unknown}
 p - a scroll of revelation {unknown}
 q - a scroll of noise {unknown}
 s - 2 scrolls of vulnerability {unknown}
Potions
 d - 3 potions of curing
 g - a potion of degeneration {unknown}
 i - 3 potions of brilliance {unknown}
 l - 2 potions of enlightenment {unknown}


   Skills:
 + Level 3.2 Fighting
 + Level 1.9 Short Blades
 + Level 1.9 Long Blades
 + Level 1.9 Axes
 + Level 1.9 Maces & Flails
 + Level 5.0 Polearms
 + Level 1.9 Staves
 + Level 6.8 Ranged Weapons
 + Level 3.2 Throwing
 + Level 3.2 Armour
 + Level 1.9 Dodging
 + Level 4.6 Stealth
 + Level 1.9 Shields
 + Level 1.9 Unarmed Combat
 + Level 1.9 Spellcasting
 + Level 1.5 Conjurations
 + Level 1.5 Hexes
 + Level 1.5 Summonings
 + Level 1.5 Necromancy
 + Level 1.5 Translocations
 + Level 1.5 Transmutations
 + Level 1.5 Fire Magic
 + Level 1.5 Ice Magic
 + Level 1.5 Air Magic
 + Level 1.5 Earth Magic
 + Level 1.5 Poison Magic
 + Level 2.1 Invocations
 + Level 1.9 Evocations


You had 8 spell levels left.
You didn't know any spells.
Your spell library contained the following spells:

 Spells                   Type           Power      Damage    Failure   Level
 Sublimation of Blood     Necr           4%         N/A       24%         2
 Tukima's Dance           Hex            4%         N/A       43%         3
 Passage of Golubria      Tloc           4%         N/A       83%         4
 Petrify                  Tmut/Erth      4%         N/A       83%         4
 Irradiate                Conj/Tmut      2%         3d12      99%         5
 Yara's Violent Unravell  Hex/Tmut       2%         3d3       99%         5


Dungeon Overview and Level Annotations

Branches:
Dungeon (3/15)

Altars:
Hepliaklqana


Innate Abilities, Weirdness & Mutations

You have very sharp teeth.
Your uncanny sense of smell can sniff out nearby items.
Your experience applies equally to all skills.


Message History

The gnoll is lightly wounded.
The gnoll barely misses you.
Fire: a) +2 sling
Press: ? - help, Q - select action, (/) - cycle Shift-Dir - straight line, f/p - gnoll
Aim: a gnoll, wielding a +0 spear (almost dead, 66% to hit)
You shoot a sling bullet. The sling bullet hits the gnoll.
The gnoll is moderately wounded.
The gnoll misses you.
Fire: a) +2 sling
Press: ? - help, Q - select action, (/) - cycle Shift-Dir - straight line, f/p - gnoll
Aim: a gnoll, wielding a +0 spear (almost dead, 66% to hit)
You shoot a sling bullet.
The sling bullet completely misses the gnoll.
The sling bullet hits the gnoll.
You kill the gnoll!
The gnoll hits you from afar with a +0 spear!
* * * LOW HITPOINT WARNING * * *
Your Polearms skill increases to level 5!
Fire: a) +2 sling
Press: ? - help, Q - select action, (/) - cycle Shift-Dir - straight line, f - gnoll
Aim: a gnoll, wielding a +0 spear (moderately wounded, 66% to hit)
You shoot a sling bullet. The sling bullet hits the gnoll.
The gnoll is heavily wounded.
The gnoll hits you from afar with a +0 spear.
* * * LOW HITPOINT WARNING * * *
Unknown command.
Fire: a) +2 sling
Press: ? - help, Q - select action, (/) - cycle Shift-Dir - straight line, f/p - gnoll
Aim: a gnoll, wielding a +0 spear (heavily wounded, 66% to hit)
You shoot a sling bullet. The sling bullet hits the gnoll.
The gnoll is severely wounded.
The gnoll hits you from afar with a +0 spear.
* * * LOW HITPOINT WARNING * * *
Fire: a) +2 sling
Press: ? - help, Q - select action, (/) - cycle Shift-Dir - straight line, f/p - gnoll
Aim: a gnoll, wielding a +0 spear (severely wounded, 66% to hit)
You shoot a sling bullet. The sling bullet hits the gnoll.
The gnoll is severely wounded.
The gnoll hits you from afar with a +0 spear!
You die...

...............#
.#....#.#⌠.⌠.⌠.#
.#
.#......#.#..#.#
.#
.#.......).....#
.#
.#.####.#.#.####
.# .#.####.#.#.#
g# #......#.#.# g#
########.#.#####.#
...............@.#
########.#########
###


You could see 2 gnolls.

Vanquished Creatures
  Sigmund (D:3)
  3 gnolls
  2 adders (D:2)
  2 dart slugs (D:1)
  3 endoplasms
  A giant cockroach (D:3)
  4 goblins
  6 hobgoblins
  4 quokkas
  8 ball pythons
  7 bats
  2 frilled lizards
  2 kobolds (D:1)
  7 rats
52 creatures vanquished.

Notes
Turn   | Place    | Note
-------+----------+-------------------------------------------
     0 | D:1      | zazu2006 the Gnoll Wanderer began the quest for the Orb.
     0 | D:1      | zazu2006 set off with the following items: a +2 sling, a +0
                  | spear, a +0 pair of boots, a potion of curing, a +0 robe.
     0 | D:1      | Reached XP level 1. HP: 17/17 MP: 1/1
   101 | D:1      | Reached XP level 2. HP: 23/23 MP: 2/2
   254 | D:1      | Reached XP level 3. HP: 28/28 MP: 3/3
   402 | D:1      | Reached skill level 1 in Invocations
   656 | D:2      | Reached skill level 1 in Short Blades
   656 | D:2      | Reached skill level 1 in Long Blades
   656 | D:2      | Reached skill level 1 in Axes
   656 | D:2      | Reached skill level 1 in Maces & Flails
   656 | D:2      | Reached skill level 1 in Staves
   656 | D:2      | Reached skill level 1 in Dodging
   656 | D:2      | Reached skill level 1 in Shields
   656 | D:2      | Reached skill level 1 in Unarmed Combat
   656 | D:2      | Reached skill level 1 in Spellcasting
   656 | D:2      | Reached skill level 1 in Evocations
  1083 | D:2      | Reached XP level 4. HP: 34/34 MP: 5/5
  1273 | D:3      | Found a hazy altar of Hepliaklqana.
  1360 | D:3      | Reached skill level 1 in Conjurations
  1360 | D:3      | Reached skill level 1 in Hexes
  1360 | D:3      | Reached skill level 1 in Summonings
  1360 | D:3      | Reached skill level 1 in Necromancy
  1360 | D:3      | Reached skill level 1 in Translocations
  1360 | D:3      | Reached skill level 1 in Transmutations
  1360 | D:3      | Reached skill level 1 in Fire Magic
  1360 | D:3      | Reached skill level 1 in Ice Magic
  1360 | D:3      | Reached skill level 1 in Air Magic
  1360 | D:3      | Reached skill level 1 in Earth Magic
  1360 | D:3      | Reached skill level 1 in Poison Magic
  1480 | D:3      | Noticed Sigmund
  1492 | D:3      | Killed Sigmund
  1493 | D:3      | Reached XP level 5. HP: 18/41 MP: 5/7
  1493 | D:3      | Reached XP level 6. HP: 20/47 MP: 5/8
  1592 | D:3      | Found a faded altar of an unknown god.
  1636 | D:3      | Reached skill level 5 in Polearms
  1638 | D:3      | Slain by a gnoll

Illustrated notes

Levels and vault maps discovered:
D:1:      amcnicky_arrival_feature_with_door, layout_rooms,
          chequers_serial_rivers_small_3, minmay_misc_feat_room,
          serial_bayou_lagoon_a
D:2:      layout_loops_cross, minmay_diced_spiral
D:3:      layout_basic, marbit_many_paths, hellmonk_ecumenical_altar_run_dry,
          uniq_grinder, uniq_sigmund

Skill      XL: |  1  2  3  4  5  6 |
---------------+-------------------+-----
Invocations    | 1 2 |  2.1
Short Blades   | 1 |  1.9
Long Blades    | 1 |  1.9
Axes           | 1 |  1.9
Maces & Flails | 1 |  1.9
Staves         | 1 |  1.9
Dodging        | 1 |  1.9
Shields        | 1 |  1.9
Unarmed Combat | 1 |  1.9
Spellcasting   | 1 |  1.9
Evocations     | 1 |  1.9
Conjurations   | 1 |  1.5
Hexes          | 1 |  1.5
Summonings     | 1 |  1.5
Necromancy     | 1 |  1.5
Translocations | 1 |  1.5
Transmutations | 1 |  1.5
Fire Magic     | 1 |  1.5
Ice Magic      | 1 |  1.5
Air Magic      | 1 |  1.5
Earth Magic    | 1 |  1.5
Poison Magic   | 1 |  1.5
Fighting       | 3 |  3.2
Throwing       | 3 |  3.2
Armour         | 3 |  3.2
Polearms       | 5 |  5.0
Ranged Weapons | |  6.8
Stealth        | |  4.6

Action                     |  1- 3 |  4- 6 || total
---------------------------+-------+-------++-------
   Fire: Sling             |    79 |    64 ||   143
 Armour: Robe              |     6 |     4 ||    10
  Dodge: Dodged            |     8 |    10 ||    18

Table legend: (Time is in decaauts)
 A = Elapsed time spent in this place.
 B = Non-inter-level travel time spent in this place.
 C = Inter-level travel time spent in this place.
 D = Time resting spent in this place.
 E = Time spent auto-exploring this place.
 F = Levels seen in this place.
 G = Mean time per level.
                   A        B        C        D        E       F      G
               +--------+--------+--------+--------+--------+-----+--------+
         Total |   1655 |   1617 |     38 |      0 |   1343 |   3 |  551.7 |
       Dungeon |   1655 |   1617 |     38 |      0 |   1343 |   3 |  551.7 |
               +--------+--------+--------+--------+--------+-----+--------+

Top non-repeatable levels by time:
     D:2: 614 daAuts
     D:1: 584 daAuts
     D:3: 456 daAuts
